 Dungeon Crawl Stone Soup version 0.25-a0-316-gd28d56f9c5 (webtiles) character file.

Game seed: 12113230869633063453, levelgen mode: classic

222 Borgoz the Slasher (level 5, -1/32 HPs)
             Began as a Gargoyle Berserker on Dec 24, 2019.
             Was a Believer of Trog.
             Killed from afar by Sigmund (7 damage)
             ... with a magic dart
             ... on level 3 of the Dungeon.
             The game lasted 00:03:40 (2510 turns).

Borgoz the Slasher (Gargoyle Berserker)             Turns: 2510, Time: 00:03:40

Health: -1/32      AC:  6    Str: 20    XL:     5   Next: 99%
Magic:  5/5        EV: 12    Int:  8    God:    Trog [**....]
Gold:   90         SH:  0    Dex: 10    Spells: 4/4 levels left

rFire    . . .     SeeInvis .   o - +0 long sword
rCold    . . .     Gourm    .   (no shield)
rNeg     + + .     Faith    .   b - +0 animal skin
rPois    ∞         Spirit   .   (no helmet)
rElec    +         Reflect  .   (no cloak)
rCorr    .         Harm     .   (no gloves)
MR       ++...                  (no boots)
Stlth    +.........             (no amulet)
HPRegen  1.10/turn              k - ring of positive energy
MPRegen  0.09/turn              (no ring)

@: berserk cooldown, regenerating, slowed, very slow
A: negative energy resistance 1, electricity resistance, unbreathing,
petrification resistance, rot immunity, AC +4
a: Berserk, Trog's Hand, Renounce Religion


You were on level 3 of the Dungeon.
You worshipped Trog.
Trog was pleased with you.
You were not hungry.

You visited 1 branch of the dungeon, and saw 3 of its levels.

You collected 90 gold pieces.

Inventory:

Hand Weapons
 o - a +0 long sword (weapon)
Armour
 b - a +0 animal skin (worn)
Jewellery
 k - a ring of positive energy (left hand)
Scrolls
 a - a scroll of blinking {unknown}
 f - 2 scrolls of identify
 h - a scroll of teleportation
 j - 2 scrolls of remove curse {unknown}
 m - 2 scrolls of fog {unknown}
 p - a scroll of random uselessness {unknown}
 r - a scroll of enchant weapon {unknown}
Potions
 d - 2 potions of heal wounds {unknown}
 g - a potion of berserk rage {unknown}
 i - a potion of degeneration {unknown}
 n - 2 potions of might {unknown}
 q - a potion of haste {unknown}
Comestibles
 c - 5 rations


   Skills:
 - Level 3.2 Fighting
 * Level 4.5 Long Blades
 + Level 3.7 Armour
 + Level 2.7 Dodging


You had 4 spell levels left.
You didn't know any spells.
Your spell library was empty.

Dungeon Overview and Level Annotations

Branches:
Dungeon (3/15)

Altars:
Trog

Annotations:
D:3 Sigmund


Innate Abilities, Weirdness & Mutations

You are resistant to torment.
Your stone body is resilient. (AC +4)
You are immune to poison.
You resist negative energy. (rN+)
You are resistant to electric shocks. (rElec)
You can survive without breathing.
You are immune to petrification.
You are immune to rotting.


Message History

* * * LOW HITPOINT WARNING * * *
You miss something.
The jackal bites you but does no damage.
The jackal barely misses you. Something hits you!
* * * LOW HITPOINT WARNING * * *
You feel better. The jackal closely misses you.
The jackal bites you but does no damage.
You hear some strange, mumbled words.
A magic dart appears from out of thin air!
The magic dart hits you.
* * * LOW HITPOINT WARNING * * *
You slash something!
You feel the effects of Trog's Hand fading.
The jackal completely misses you.
You riposte.
You slash the jackal!
You kill the jackal!
Trog accepts your kill.
You hear some strange, mumbled words.
A magic dart appears from out of thin air!
The magic dart hits you!
You die...

#.#.# ###
######.## #.#.##
.. ..........
#....## .# #
###.######
#.....####.##.# #
#......##...#.# #
#.............# #
#..............#
#
#........†....##
. #.#.....)#@{.##
#
...##...#.##.####
## ##.##.##.>..
#........### ##
#..†....#
####.##.# #.# .#
#.# # #{# ###


There were no monsters in sight!

Vanquished Creatures
  A centaur (D:3)
  A worker ant (D:3)
  4 adders
  2 worms
  A dart slug (D:2)
  3 leopard geckos
  2 orcs (D:3)
  9 bats
  5 giant cockroaches
  10 goblins
  8 hobgoblins
  10 jackals
  A ball python (D:1)
  3 frilled lizards
  5 kobolds
  8 rats
73 creatures vanquished.

Notes
Turn   | Place    | Note
-------+----------+-------------------------------------------
     0 | D:1      | Borgoz the Gargoyle Berserker began the quest for the Orb.
     0 | D:1      | Reached XP level 1. HP: 14/14 MP: 1/1
    49 | D:1      | Reached XP level 2. HP: 9/19 MP: 2/2
    50 | D:1      | Reached skill level 3 in Long Blades
   513 | D:1      | Reached XP level 3. HP: 7/23 MP: 3/3
   934 | D:2      | Reached ** piety under Trog
  1386 | D:2      | Reached XP level 4. HP: 27/28 MP: 4/4
  1967 | D:3      | Found a bloodstained altar of Trog.
  2044 | D:3      | Noticed Sigmund
  2052 | D:3      | Reached skill level 4 in Long Blades
  2052 | D:3      | Reached XP level 5. HP: 4/32 MP: 5/5
  2082 | D:3      | Noticed a centaur
  2090 | D:3      | Killed a centaur
  2510 | D:3      | Killed from afar by Sigmund

Levels and vault maps discovered:
D:1:      dpeg_arrival_radiant, layout_rooms, chequers_serial_rivers_room_b
D:2:      layout_loops_ring
D:3:      layout_loops_ring, lemuel_doored_altar, makhleb_grotto_becter,
          first_ration, minmay_between, uniq_sigmund

Skill      XL: |  1  2  3  4 |
---------------+-------------+-----
Long Blades    | 3 4 |  4.5
Dodging        | 2 |  2.7
Armour         | 3 |  3.7
Fighting       | |  3.2

Action                   |  1- 3 |  4- 6 || total
-------------------------+-------+-------++-------
Melee: Falchion          |   105 |    26 ||   131
       Long sword        |       |    58 ||    58
Invok: Berserk           |       |     3 ||     3
       Trog's Hand       |       |     3 ||     3
  Use: Potion            |       |     7 ||     7
       Scroll            |       |     2 ||     2
 Stab: Sleeping          |       |     1 ||     1
  Eat: Chunk             |     2 |     5 ||     7
       Ration            |       |     1 ||     1
Armor: Animal skin       |    48 |    38 ||    86
Dodge: Dodged            |    92 |    81 ||   173
       Rpst.: Falchion   |    27 |     7 ||    34
       Long sword        |       |    22 ||    22

Table legend:
 A = Non-vault XP
 B = Vault XP
 C = Vault XP percentage of total XP
 D = Non-vault monster count
 E = Vault monster count
 F = Vault count percentage of total count
                 A         B        C        D         E       F
            +---------+---------+-------+---------+---------+-------
      Total |     192 |     126 |  39.6 |      68 |       5 |   6.8
            +---------+---------+-------+---------+---------+-------
        D:1 |      37 |       0 |   0.0 |      22 |       0 |   0.0
        D:2 |      63 |       0 |   0.0 |      27 |       0 |   0.0
        D:3 |      92 |     126 |  57.8 |      19 |       5 |  20.8
            +---------+---------+-------+---------+---------+-------
